 Dungeon Crawl Stone Soup version 0.19.0-9-gfd783f2 (webtiles) character file.

112 JeffiDaFish the Skirmisher (level 4, 0/29 HPs)
             Began as a Gargoyle Fighter on Nov 8, 2016.
             Slain by a killer bee (4 damage)
             ... on level 3 of the Dungeon.
             The game lasted 00:03:10 (1627 turns).

JeffiDaFish the Skirmisher (Gargoyle Fighter)       Turns: 1627, Time: 00:03:11

Health: 0/29       AC: 16    Str: 24 (26) XL:     4   Next: 93%
Magic:  4/4        EV:  6    Int:  7 (8)  God:
Gold:   56         SH:  9    Dex:  7 (9)  Spells: 0 memorised, 3 levels left

rFire  + . .     SeeInvis .     a - +0 flail
rCold  . . .     Gourm    .     n - +3 chain mail {rF+}
rNeg   + . .     Faith    .     c - +0 shield
rPois  ∞         Spirit   .     (no helmet)
rElec  +         Reflect  .     (no cloak)
rCorr  .         Harm     .     (no gloves)
MR     +....                    (no boots)
Stlth  ..........               (no amulet)
                                l - ring of stealth
                                e - ring of protection from magic

@: mighty
A: negative energy resistance 1, electricity resistance, unbreathing,
petrification resistance, rot immunity, AC +3
a: no special abilities


You were on level 3 of the Dungeon.
You were not hungry.

You visited 1 branch of the dungeon, and saw 3 of its levels.

You collected 56 gold pieces.

Inventory:

Hand Weapons
 a - a +0 flail (weapon)
Armour
 b - a +0 scale mail
 c - a +0 shield (worn)
 n - a +3 chain mail of fire resistance (worn)
Jewellery
 e - a ring of protection from magic (left hand)
 k - an uncursed ring of flight
 l - a ring of stealth (right hand)
Scrolls
 m - a scroll of recharging
Potions
 d - a potion of might
Comestibles
 f - 2 bread rations
 g - 4 fruits
 h - a slice of pizza
 i - 14 chunks of flesh
 j - 2 meat rations


   Skills:
 + Level 4.0 Fighting
 + Level 3.1 Maces & Flails
 + Level 4.0 Armour
 + Level 0.4 Dodging
 + Level 0.5 Stealth
 + Level 3.9 Shields


You had 3 spell levels left.
You didn't know any spells.

Dungeon Overview and Level Annotations

Branches:
Dungeon (3/15)

Altars:


Innate Abilities, Weirdness & Mutations

You are resistant to torment.
Your stone body is resilient. (AC +3)
You are immune to poison.
You resist negative energy. (rN+)
You are resistant to electric shocks. (rElec)
You can survive without breathing.
You are immune to petrification.
You are immune to rotting.


Message History

The killer bee stings you but does no damage. x2
You miss the killer bee.
The killer bee stings you but does no damage. x3
The killer bee stings you but does no damage.
Your shield and chain mail prevent you from hitting the killer bee.
The killer bee barely misses you. You block the killer bee's attack.
The killer bee stings you but does no damage.
You block the killer bee's attack.
The killer bee stings you but does no damage.
You barely miss the killer bee. The killer bee stings you.
* * * LOW HITPOINT WARNING * * *
The killer bee stings you.
* * * LOW HITPOINT WARNING * * *
You block the killer bee's attack.
The killer bee stings you but does no damage.
The killer bee stings you.
* * * LOW HITPOINT WARNING * * *
The killer bee stings you but does no damage.
The killer bee stings you.
You die...

#. #.# ####
####.####...
##.........# .#.
##.........## ...
#...........# #..##
#...........####
#...
#..............####
#..
##.........###..@y##
#.# ##...#...##
####yy####.#
#####)###


##o(yoyy# #># #####y.## #(# #)†o# #.# #.#)# #.# #.#oo# ####.#### #.##..o
#.......# ..# ##.. You could see 5 killer bees and 2 orcs.

Vanquished Creatures
  An orc priest (D:3)
  3 adders (D:2)
  2 worms (D:2)
  A dart slug (D:1)
  A leopard gecko (D:3)
  3 orcs (D:3)
  6 bats
  A giant cockroach (D:2)
  7 goblins
  7 hobgoblins
  A quokka (D:3)
  3 frilled lizards
  A kobold (D:1)
  6 rats
43 creatures vanquished.

Notes
Turn   | Place    | Note
-------+----------+-------------------------------------------
     0 | D:1      | JeffiDaFish the Gargoyle Fighter began the quest for the Orb.
     0 | D:1      | Reached XP level 1. HP: 14/14 MP: 1/1
    66 | D:1      | Reached XP level 2. HP: 17/19 MP: 2/2
   808 | D:2      | Reached XP level 3. HP: 14/24 MP: 3/3
  1128 | D:2      | Reached XP level 4. HP: 27/29 MP: 4/4
  1627 | D:3      | Slain by a killer bee

Skill      XL: |  1  2  3  4 |
---------------+-------------+-----
Fighting       | 4 |  4.0
Maces & Flails | 3 |  3.1
Armour         | 4 |  4.0
Dodging        | |  0.4
Stealth        | |  0.5
Shields        | |  3.9

Action                   |  1- 3 |  4- 6 || total
-------------------------+-------+-------++-------
Melee: Flail             |    91 |    86 ||   177
  Use: Scroll            |     5 |       ||     5
       Potion            |     2 |     2 ||     4
  Eat: Chunk             |     1 |     2 ||     3
Armor: Scale mail        |    51 |     8 ||    59
       Chain mail        |       |    69 ||    69
Dodge: Dodged            |    27 |    25 ||    52
Block: Shield            |    41 |    55 ||    96
